 Dungeon Crawl Stone Soup version 0.17-a0-186-g8d083fd (webtiles) character file.

384 Tabbe the Covert (level 6, 0/30 HPs)
             Began as a Spriggan Assassin on Mar 27, 2015.
             Slain by a gnoll (8 damage)
             ... on level 4 of the Dungeon.
             The game lasted 00:06:01 (3492 turns).

Tabbe the Covert (Spriggan Assassin)                Turns: 3492, Time: 00:06:01

Health: 0/30       AC:  3    Str:  7    XL:     6   Next: 47%
Magic:  12/12      EV: 23    Int: 12    God:
Gold:   187        SH:  0    Dex: 20    Spells: 0 memorised, 5 levels left

rFire  . . .     SeeInvis +     a - +0 short sword (venom)
rCold  . . .     Clarity  .     c - +0 robe
rNeg   . . .     SustAb   .     (shield restricted)
rPois  .         Gourm    .     (helmet restricted)
rElec  .         Spirit   .     d - +0 cloak
rCorr  .         Warding  .     (gloves unavailable)
rMut   .         Stasis   .     (boots unavailable)
MR     +....                    (no amulet)
Stlth  +++++.....               (no ring)
                                (no ring)

@: very quick, somewhat resistant to hostile enchantments, quite stealthy
A: unfitting armour, see invisible, herbivore 3, speed 3, slow metabolism 2
a: no special abilities


You were on level 4 of the Dungeon.
You were not hungry.

You visited 1 branch of the dungeon, and saw 4 of its levels.

You collected 187 gold pieces.

Inventory:

Hand weapons
 a - a +0 short sword of venom (weapon)
 b - a +0 blowgun
 e - a +0 short sword of flaming
 i - a +2 dagger
Missiles
 s - a curare-tipped needle
Armour
 c - a +0 robe (worn)
 d - a +0 cloak (worn)
Magical devices
 f - a wand of heal wounds (0)
Scrolls
 h - 4 scrolls of teleportation {unknown}
 l - 4 scrolls of remove curse {unknown}
 m - 4 scrolls of fog {unknown}
 p - 5 scrolls of identify {unknown}
 t - a scroll of magic mapping {unknown}
 v - a scroll of noise {unknown}
 w - a scroll of enchant armour {unknown}
Potions
 j - a potion of magic
 k - a potion of curing {unknown}
 n - a potion of brilliance {unknown}
 o - a potion of might {unknown}
 q - a potion of heal wounds {unknown}
 u - a potion of haste {unknown}
Comestibles
 g - 3 bread rations
 r - 3 fruits


   Skills:
 - Level 1.5 Fighting
 + Level 3.7 Short Blades
 - Level 2.1 Throwing
 * Level 6.4 Dodging
 * Level 8.8 Stealth


You had 5 spell levels left.
You didn't know any spells.

Dungeon Overview and Level Annotations

Branches:
Dungeon (4/15)
 Temple: D:4-7

Altars:


Innate Abilities, Weirdness & Mutations

You are tiny and cannot use many weapons and most armour.
You have supernaturally acute eyesight.
You are a herbivore.
You cover ground extremely quickly.
You need consume almost no food.


Message History

The gnoll is severely wounded.
The gnoll barely misses you. The gnoll hits you with a whip.
You hit the gnoll but do no damage.
The gnoll is almost dead.
You kill the gnoll!
The gnoll hits you!
* * * LOW HITPOINT WARNING * * *
You are too injured to fight recklessly!
You are too injured to fight recklessly!
You are too injured to fight recklessly!
You are too injured to fight recklessly!
You closely miss the gnoll. The gnoll completely misses you.
The gnoll completely misses you.
Evoke which item? (* to show all) (? for menu, Esc to quit)
Zapping:
f - a wand of heal wounds {zapped: 2} (will waste charges)
Press: ? - help, Shift-Dir - straight line, f - you Nothing appears to happen.
You closely miss the gnoll. The gnoll misses you.
You closely miss the gnoll. The gnoll hits you!
You die...

#.# #...(###.#. #
###.# #....##.... #.
#.#.# #....##..## #.
.#.#.####........##
#.
.........######....
## ##.
.#.#.###.#######.##
.. ..
#.#........(.##[#
#.#.
#.#<###.#######.#
###...###@..# #.#
####'## #....).gg.#.#
#.# #......
#########.#.#
#.####...... #.#.#
#†.......... #.#.#
#.....†.....
#.#.###......##.#.
#%...........##.#.
#.#..........'..#.
####.#.###......#####


You could see 2 gnolls.

Vanquished Creatures
  Sigmund (D:3)
  A giant frog skeleton (D:4)
  A hound skeleton (D:4)
  12 adders
  5 gnolls (D:4)
  A giant mite (D:3)
  4 worms (D:3)
  An orc (D:2)
  6 giant cockroaches
  11 hobgoblins
  A quokka (D:2)
  7 bats
  6 giant geckos (D:3)
  3 giant newts
  8 goblins
  5 jackals (D:2)
  8 kobolds
  6 rats
87 creatures vanquished.

Notes
Turn   | Place    | Note
--------------------------------------------------------------
     0 | D:1      | Tabbe, the Spriggan Assassin, began the quest for the Orb.
     0 | D:1      | Reached XP level 1. HP: 10/10 MP: 2/2
    43 | D:1      | Reached skill level 6 in Stealth
   360 | D:1      | Reached XP level 2. HP: 9/14 MP: 4/4
   674 | D:2      | Reached XP level 3. HP: 14/18 MP: 6/6
   989 | D:2      | Reached skill level 7 in Stealth
  1121 | D:2      | Reached XP level 4. HP: 22/22 MP: 8/8
  2214 | D:3      | Noticed Sigmund
  2232 | D:3      | Killed Sigmund
  2232 | D:3      | Reached skill level 5 in Dodging
  2232 | D:3      | Reached skill level 8 in Stealth
  2232 | D:3      | Reached XP level 5. HP: 19/25 MP: 10/10
  2909 | D:3      | Reached XP level 6. HP: 27/30 MP: 12/12
  3492 | D:4      | Slain by a gnoll

Action                   |  1- 3 |  4- 6 || total
-------------------------+-------+-------++-------
Melee: Dagger            |    17 |       ||    17
       Short sword       |    57 |   178 ||   235
 Fire: Blowgun           |     5 |    25 ||    30
Evoke: Wand              |       |     1 ||     1
  Use: Potion            |       |     1 ||     1
 Stab: Sleeping          |     9 |    23 ||    32
